 Dungeon Crawl Stone Soup version 0.30.0 (webtiles) character file.

Game seed: 11728681932216712584

1241 cheesebisquit the Trooper (level 8, -1/62 HPs)
             Began as a Djinni Fire Elementalist on May 6, 2023.
             Slain by Pikel
             ... wielding a +1 whip of freezing
              (2 damage)
             ... on level 6 of the Dungeon.
             The game lasted 00:19:56 (5563 turns).

cheesebisquit the Trooper (DjFE)                    Turns: 5563, Time: 00:19:57

Health: -1/62      AC:  7    Str:  7    XL:     8   Next: 78%
Gold:   244        EV: 11    Int: 25    God:
                   SH:  0    Dex: 14

rFire   + + .        C - +0 trident
rCold   . . .        (no shield)
rNeg    . . .        E - +0 leather armour {rC+}
rPois   ∞            (no helmet)
rElec   .            (no cloak)
rCorr   .            (no gloves)
SInv    .            (boots unavailable)
Will    .....        (no amulet)
Stlth   +            v - +6 ring of intelligence
HPRegen 0.30/turn    A - +4 ring of protection
MPRegen 0.00/turn

%: infuse magic (-2 HP)
@: confused, ambrosia-drunk, flying
A: sickness immunity, fire resistance 2, cold vulnerability 1, float, innate
caster, HP casting, extra vitality 1
a: no special abilities


You were on level 6 of the Dungeon.
You visited 1 branch of the dungeon, and saw 6 of its levels.
You also visited: Sewer.

You collected 294 gold pieces.
You spent 50 gold pieces at shops.

Inventory:

Hand Weapons
 B - a +0 flail
 C - a +0 trident (weapon)
Missiles
 u - 3 poisoned darts
 D - a throwing net
Armour
 a - a +0 robe
 E - a +0 leather armour of cold resistance (worn)
Jewellery
 v - a +6 ring of intelligence (left hand)
 A - a +4 ring of protection (right hand)
 F - a ring of positive energy
Wands
 r - a wand of charming (9)
 y - a wand of flame (22)
 J - a wand of polymorph (6)
Scrolls
 d - a scroll of brand weapon {unknown}
 e - a scroll of teleportation
 f - 2 scrolls of silence
 i - a scroll of enchant weapon {unknown}
 k - a scroll of fear {unknown}
 m - 2 scrolls of fog
 o - a scroll of amnesia {unknown}
 x - a scroll of vulnerability {unknown}
 z - a scroll of butterflies {unknown}
 H - a scroll of blinking
Potions
 b - a potion of resistance {unknown}
 c - a potion of mutation {unknown}
 g - a potion of degeneration {unknown}
 h - a potion of ambrosia
 j - 2 potions of brilliance {unknown}
 p - 2 potions of attraction {unknown}
 s - 3 potions of might
 t - a potion of flight {unknown}
 w - a potion of haste {unknown}
 I - a potion of cancellation {unknown}


   Skills:
 + Level 6.9 Fighting
 - Level 2.1 Dodging
 - Level 1.5 Stealth
 + Level 5.9 Spellcasting


You knew the following spells:

 Your Spells              Type           Power      Damage    Failure   Level
a - Foxfire               Conj/Fire      100%       2x1d9     1%          1
c - Hailstorm             Conj/Ice       37%        3d9       3%          3
d - Inner Flame           Hex/Fire       37%        N/A       3%          3
e - Flame Wave            Conj/Fire      37%        2d10      10%         4
f - Freeze                Ice            100%       1d10      1%          1
g - Lesser Beckoning      Tloc           74%        N/A       1%          2
x - Volatile Blastmotes   Fire/Tloc      74%        2d16      3%          3
z - Scorch                Fire           74%        2d8       1%          2
Your spell library was empty.

Dungeon Overview and Level Annotations

Branches:
Dungeon (6/15)              Sewer (visited)
 Temple: D:4-7

Altars:
Dithmenos
Elyvilon
Hepliaklqana
Ru
Trog
Yredelemnul

Shops:
D:4 *

Annotations:
D:2 1 runed translucent door, Crazy Yiuf
D:6 Pikel


Innate Abilities, Weirdness & Mutations

You are immune to sickness and miasma.
You are immune to poison.
Your flesh is very heat resistant. (rF++)
You are vulnerable to cold. (rC-)
You float through the air rather than walking.
You learn spells naturally, not from books.
Your magical power is your life essence.
You have superior vitality. (+4 MHP)


Message History

Pikel says, "I touched Geryon's horn once."
Pikel barely misses you.
Casting: Foxfire (safe; 1% risk of failure)
Confirm with . or Enter, or press ? or * to list all spells.
Flames lash the lemure.
The lemure is severely wounded.
The lemure's fire resistance burns away.
The foxfire hits Pikel but does no damage.
Pikel is severely wounded.
Pikel hits you with a +1 whip of freezing.
* * * LOW HITPOINT WARNING * * *
Pikel freezes you.
* * * LOW HITPOINT WARNING * * *
Casting: Foxfire (safe; 1% risk of failure)
Press: ? - help, Q - select action, (/) - cycle Dir - look around, f - activate You conjure some foxfire!
* * * LOW HITPOINT WARNING * * *
Pikel hits you with a +1 whip of freezing!
* * * LOW HITPOINT WARNING * * *
Pikel freezes you.
* * * LOW HITPOINT WARNING * * *
Casting: Foxfire (safe; 1% risk of failure)
Confirm with . or Enter, or press ? or * to list all spells.
Flames lash the lemure.
The lemure is severely wounded.
The lemure's fire resistance burns away.
* * * LOW HITPOINT WARNING * * *
The foxfire hits Pikel!
Pikel is almost dead.
Pikel says, "Hell isn't that bad."
Pikel hits you with a +1 whip of freezing.
* * * LOW HITPOINT WARNING * * *
Pikel freezes you.
* * * LOW HITPOINT WARNING * * *
You are confused.
You feel invigorated.
Pikel hits you with a +1 whip of freezing.
* * * LOW HITPOINT WARNING * * *
Pikel freezes you.
You die... .# #.#.##. ### .# . #...... ... .# .. ##...#. #.##.# ..< .......#####.#.[ ... ....5...##.#.# .. 555

#.##.#.##.#
##.######
#K##......†.>#
#.....<.#
#.@v....#.#####.#
#.######.#
#######.........#
.# #.#.......# .#
##.#######.. .#
#...# .. #.>.# ##
#...#
#####...#####
###...........#


You could see Pikel (ally target) and 4 lemures.

Vanquished Creatures
  Eustachio (D:4)
  Menkaure (D:4)
  Duvessa (D:5)
  2 centaurs
  A phantom (D:3)
  Dowan (D:5)
  A hound (D:4)
  A gnoll bouda (D:4)
  2 orc priests (D:4)
  A jelly (D:3)
  Ijyb (D:5)
  Jessica (D:2)
  4 iguanas
  2 orc wizards (D:4)
  7 gnolls (D:4)
  10 adders
  An ufetubus (D:5)
  A worm (D:3)
  3 dart slugs
  5 orcs
  5 bats
  9 endoplasms
  A giant cockroach (D:4)
  3 goblins
  14 jackals
  4 kobolds
  5 quokkas
  9 ball pythons
  8 frilled lizards
  3 rats
108 creatures vanquished.

Vanquished Creatures (others)
  410 foxfires
410 creatures vanquished.

Grand Total: 518 creatures vanquished

Notes
Turn   | Place    | Note
-------+----------+-------------------------------------------
     0 | D:1      | cheesebisquit the Djinni Fire Elementalist began the quest
                  | for the Orb.
     0 | D:1      | cheesebisquit set off with the following spells memorised:
                  | Foxfire, Scorch, Volatile Blastmotes, Inner Flame, Flame
                  | Wave.
     0 | D:1      | Reached XP level 1. HP: 15/15 MP: 0/0
    37 | D:1      | Reached XP level 2. HP: 9/22 MP: 0/0
    95 | D:1      | Reached skill level 1 in Fighting
   341 | D:1      | Reached XP level 3. HP: 26/27 MP: 0/0
   341 | D:1      | Learned a level 1 spell: Freeze
   814 | D:2      | Found a faded altar of an unknown god.
   913 | D:2      | Found a runed translucent door.
   914 | D:2      | Noticed Crazy Yiuf
  1055 | D:2      | Reached skill level 2 in Fighting
  1135 | D:2      | Reached XP level 4. HP: 32/33 MP: 0/0
  1270 | D:2      | Noticed Jessica
  1277 | D:2      | Killed Jessica
  1772 | D:3      | Noticed a phantom
  1781 | D:3      | Killed a phantom
  1782 | D:3      | Reached skill level 3 in Fighting
  1782 | D:3      | Reached XP level 5. HP: 26/40 MP: 0/0
  1782 | D:3      | Learned a level 2 spell: Lesser Beckoning
  2200 | D:3      | Found a shadowy altar of Dithmenos.
  2234 | D:3      | Found a white marble altar of Elyvilon.
  2502 | D:3      | Reached XP level 6. HP: 46/47 MP: 0/0
  2613 | D:3      | Found a basalt altar of Yredelemnul.
  2613 | D:3      | Found a hazy altar of Hepliaklqana.
  2975 | D:4      | Found a glowing drain.
  2991 | D:4      | Noticed Eustachio
  2996 | Sewer    | Entered a sewer
  3024 | Sewer    | Reached skill level 4 in Fighting
  3263 | D:4      | Killed Eustachio
  3264 | D:4      | Reached XP level 7. HP: 36/53 MP: 0/0
  3264 | D:4      | Learned a level 3 spell: Hailstorm
  3658 | D:4      | Reached skill level 5 in Fighting
  4172 | D:4      | Noticed Menkaure
  4459 | D:4      | Reached skill level 5 in Spellcasting
  4475 | D:4      | Found Lucats's Assorted Antiques.
  4480 | D:4      | Bought a scroll of identify for 50 gold pieces
  4613 | D:4      | Killed Menkaure
  4614 | D:4      | Reached XP level 8. HP: 29/61 MP: 0/0
  4818 | D:5      | Entered Level 5 of the Dungeon
  4818 | D:5      | Found a bloodstained altar of Trog.
  4826 | D:5      | Noticed Dowan
  4828 | D:5      | Noticed Duvessa
  4838 | D:5      | Killed Duvessa
  4839 | D:5      | Reached skill level 6 in Fighting
  4842 | D:5      | Killed Dowan
  4944 | D:5      | Noticed Ijyb
  4954 | D:5      | Killed Ijyb
  5411 | D:5      | Found a sacrificial altar of Ru.
  5533 | D:6      | Noticed Pikel
  5562 | D:6      | HP: 3/62 [Pikel/+1 whip of freezing (2)]
  5563 | D:6      | HP: 1/62 [Pikel/+1 whip of freezing (5)]
  5563 | D:6      | Slain by Pikel

Illustrated notes

Levels and vault maps discovered:
D:1:      minmay_arrival_shattered_statue, layout_loops_ring,
          minmay_misc_feat_tower, corexii_hall_statues_l
D:2:      layout_basic, hellmonk_ecumenical_altar_blasted, uniq_jessica,
          uniq_crazy_yiuf_cottage
D:3:      layout_basic, amethyst_overflow_temple_binary,
          mainiacjoe_overflow_catch_the_wave
D:4:      layout_loops_cross, mainiacjoe_overflow_alcove_1,
          mainiacjoe_overflow_six_doors_small, cheibrodos_sewer_entry_drain,
          serial_shops, nicolae_shop_pleasant_corner_grove,
          minmay_misc_feat_more_columns, minmay_box_of_dots, uniq_menkaure,
          uniq_eustachio
D:5:      layout_basic, kennysheep_mini, bloody_trog, uniq_ijyb, uniq_duvessa
D:6:      layout_loops_cross, enter_ossuary_3, serial_bayou_lagoon_b,
          uniq_prince_ribbit1, uniq_pikel

Skill      XL: |  1  2  3  4  5  6  7  8 |
---------------+-------------------------+-----
Fighting       | 1 2 3 4 5 6 |  6.9
Spellcasting   | 3 4 5 |  5.9
Dodging        | |  2.1
Stealth        | |  1.5

Action                     |  1- 3 |  4- 6 |  7- 9 || total
---------------------------+-------+-------+-------++-------
  Melee: Unarmed           |    29 |     4 |     9 ||    42
         Flail             |       |       |    15 ||    15
         Trident           |       |       |    16 ||    16
         Punch             |       |       |     1 ||     1
   Cast: Foxfire           |    43 |    89 |   107 ||   239
         Scorch            |       |       |    16 ||    16
    Use: Scroll            |       |     5 |     5 ||    10
         Potion            |       |       |    10 ||    10
 Armour: Robe              |     6 |     2 |     6 ||    14
         Leather armour    |       |       |    10 ||    10
  Dodge: Dodged            |    28 |    13 |    77 ||   118
